 Dungeon Crawl Stone Soup version 0.28-a0-268-g3f656e82c2 (webtiles) character file.

Game seed: 8895976351691929838

4 PentaManta the Ducker (level 1, -1/16 HPs)
             Began as a Spriggan Berserker on Aug 28, 2021.
             Was a Follower of Trog.
             Slain by a kobold (3 damage)
             ... on level 1 of the Dungeon.
             The game lasted 00:00:30 (371 turns).

PentaManta the Ducker (Spriggan Berserker)           Turns: 371, Time: 00:00:30

Health: -1/16      AC:  2    Str: 13    XL:     1   Next: 58%
Magic:  2/2        EV: 18    Int:  8    God:    Trog [*.....]
Gold:   16         SH:  0    Dex: 14    Spells: 0/0 levels left

rFire   . . .      SeeInvis +   c - +0 dagger
rCold   . . .      Faith    .   (shield restricted)
rNeg    . . .      Spirit   .   b - +0 animal skin
rPois   .          Reflect  .   (helmet restricted)
rElec   .          Harm     .   (no cloak)
rCorr   .          Rampage  .   (gloves unavailable)
Will    .....                   (boots unavailable)
Stlth   ..........              (no amulet)
HPRegen 0.05/turn               (no ring)
MPRegen 0.08/turn               (no ring)

@: berserking, very quick
A: very small, no large weapons, unfitting armour, see invisible, speed 3
a: Renounce Religion, Berserk


You were on level 1 of the Dungeon.
You worshipped Trog.
Trog was aware of your devotion.
You visited 1 branch of the dungeon, and saw 1 of its levels.

You collected 16 gold pieces.

Inventory:

Hand Weapons
 a - a +0 falchion
 c - a +0 dagger (weapon)
Armour
 b - a +0 animal skin (worn)


   Skills:
 - Level 2.4 Fighting
 + Level 2.5 Long Blades
 * Level 4.3 Dodging


You couldn't memorise any spells.
You didn't know any spells.
Your spell library was empty.

Dungeon Overview and Level Annotations

Branches:
Dungeon (1/15)

Altars:


Innate Abilities, Weirdness & Mutations

You are very small and have problems with some larger weapons.
You are too small for most types of armour.
You have supernaturally acute eyesight. (SInv)
You cover ground extremely quickly. (Speed+++)


Message History

A quokka is nearby!
An endoplasm comes into view.
The endoplasm quivers.
A kobold comes into view. It is wielding a +0 short sword.
You closely miss the quokka. The quokka barely misses you.
You closely miss the quokka. The quokka completely misses you.
You hit the quokka but do no damage.
The kobold shouts!
The quokka bites you but does no damage.
You closely miss the quokka. The quokka barely misses you.
You hit the endoplasm but do no damage.
A quokka comes into view.
The endoplasm freezes you.
You are frozen.
The quokka misses you.
You hit the endoplasm.
The endoplasm is lightly wounded.
The quokka closely misses you. The endoplasm freezes you.
You are frozen.
* * * LOW HITPOINT WARNING * * *
You are too injured to fight recklessly!
You are too injured to fight recklessly!
The quokka bites you but does no damage.
A red film seems to cover your vision as you go berserk!
You feel yourself moving faster!
You feel mighty! The quokka misses you.
You barely miss the quokka. The endoplasm hits you.
* * * LOW HITPOINT WARNING * * *
You hit the endoplasm.
The endoplasm is heavily wounded.
The quokka bites you.
* * * LOW HITPOINT WARNING * * *
You puncture the endoplasm!
You kill the endoplasm!
Trog accepts your kill. The quokka barely misses you.
You barely miss the quokka. You miss the quokka.
The quokka completely misses you.
You barely miss the kobold.
The kobold hits you with a +0 short sword.
You die...

#.#.#.# .#.... ...r.
...# #... ## #..# ..#
####..###..####
#....rr@.......
#.##.#K########
.....### #.#.####
....... ..#....#
....... #######.#
....... #.# #.:....
###'#### #......
#####......# #......
#...'......#####.†....


You could see 2 quokkas and a kobold.

Vanquished Creatures
  2 endoplasms (D:1)
  A goblin (D:1)
  A bat (D:1)
4 creatures vanquished.

Notes
Turn   | Place    | Note
-------+----------+-------------------------------------------
     0 | D:1      | PentaManta the Spriggan Berserker began the quest for the
                  | Orb.
     0 | D:1      | Reached XP level 1. HP: 11/11 MP: 2/2
   371 | D:1      | Slain by a kobold

Illustrated notes

Levels and vault maps discovered:
D:1:      wander_arrival_desolate, layout_basic, minmay_pentomino_s2

Action                   || total
-------------------------++-------
Melee: Dagger            ||    12
       Falchion          ||     9
Invok: Berserk           ||     2
Armor: Animal skin       ||     4
Dodge: Dodged            ||    19

Table legend: (Time is in decaauts)
 A = Elapsed time spent in this place.
 B = Non-inter-level travel time spent in this place.
 C = Inter-level travel time spent in this place.
 D = Time resting spent in this place.
 E = Time spent auto-exploring this place.
 F = Levels seen in this place.
 G = Mean time per level.
                   A        B        C        D        E       F      G
               +--------+--------+--------+--------+--------+-----+--------+
         Total |    341 |    341 |      0 |    254 |     44 |   1 |  341.0 |
       Dungeon |    341 |    341 |      0 |    254 |     44 |   1 |  341.0 |
               +--------+--------+--------+--------+--------+-----+--------+

Top non-repeatable levels by time:
     D:1: 341 daAuts
